 Dungeon Crawl Stone Soup version 0.20-a0-1018-ge435b50 (console) character file.

26054 vuev the Destroyer (level 12, -6/73 HPs)
             Began as a Deep Elf Fire Elementalist on Apr 17, 2017.
             Was an Elder of Vehumet.
             Shot with an arrow by Nessos (19 damage)
             ... while paralysed by Rupert
             ... on level 6 of the Lair of Beasts.
             The game lasted 00:56:31 (17814 turns).

vuev the Destroyer (Deep Elf Fire Elementalist)    Turns: 17814, Time: 00:56:32

Health: -6/73      AC: 11    Str: 10    XL:     12   Next: 94%
Magic:  25/39      EV:  2    Int: 25    God:    Vehumet [****..]
Gold:   763        SH:  0    Dex: 15    Spells: 11/35 levels left

rFire    . . .     SeeInvis .   V - +0 broad axe {venom, Fragile rC+++ MP+9 Str+4} (curse)
rCold    + + +     Gourm    .   (no shield)
rNeg     . . .     Faith    .   F - -2 robe
rPois    .         Spirit   .   y - +1 helmet
rElec    .         Reflect  .   a - +2 cloak
rCorr    .         Harm     .   f - +0 pair of gloves
MR       +....                  Y - +0 pair of boots
Stlth    ++........             E - amulet of magic regeneration
Regen    0.3/turn               m - ring of wizardry
MPRegen  0.4/turn               i - +4 ring of protection

@: paralysed, very slightly contaminated
A: no striking features
a: Renounce Religion


You were on level 6 of the Lair of Beasts.
You worshipped Vehumet.
Vehumet was greatly pleased with you.
You were not hungry.

You visited 3 branches of the dungeon, and saw 15 of its levels.

You collected 763 gold pieces.

Inventory:

Hand Weapons
 l - the +2 hunting sling of Quantum Leap {flame, Str+2, unknown}
   (You found it on level 6 of the Dungeon)

   It causes projectiles fired from it to burn those they strike, causing extra
   injury to most foes and up to half again as much damage against particularly
   susceptible opponents.
   It affects your strength (+2).
 s - a +2 quarterstaff of chaos
 J - a +1 blowgun
 V - the cursed +0 broad axe of Attups (weapon) {venom, Fragile rC+++ MP+9 Str+4}
   (You found it on level 3 of the Lair of Beasts)

   It poisons the flesh of those it strikes.
   It affects your strength (+4).
   It renders you almost immune to cold.
   It affects your magic capacity (+9).
   It will be destroyed if unequipped.
   It has a curse placed upon it.
Missiles
 e - 286 stones (quivered)
 v - 14 poisoned needles
Armour
 a - a +2 cloak (worn)
 f - a +0 pair of gloves (worn)
 y - a +1 helmet (worn)
 F - a -2 robe (worn)
 M - the +3 hat of Pondering {ponderous, MR+ MP+10 Int+5}
   (You took it off Gastronok on level 8 of the Dungeon)

   It affects your intelligence (+5).
   It affects your resistance to hostile enchantments.
   It affects your magic capacity (+10).
 Y - a +0 pair of boots (worn)
Jewellery
 i - a +4 ring of protection (right hand)
 m - a ring of wizardry (left hand)
 E - an amulet of magic regeneration (around neck)
 N - an uncursed ring of flight
 W - an uncursed ring of poison resistance
Wands
 q - a wand of random effects (48/48)
 z - a wand of flame (7/48)
 H - a wand of confusion (26/48)
 L - a wand of confusion (41/48)
 O - a wand of iceblast (7/15)
 S - a wand of lightning (7/15)
Scrolls
 g - 4 scrolls of amnesia
 o - 3 scrolls of immolation
 p - a scroll of summoning
 D - 2 scrolls of magic mapping
 I - 2 scrolls of remove curse
 K - a scroll of identify
 T - a scroll of recharging
Potions
 d - a potion of lignification {unknown}
 h - a potion of might {unknown}
 j - a potion of brilliance {unknown}
 k - 2 potions of magic {unknown}
 n - 3 potions of agility
 r - 2 potions of flight
 w - a potion of heal wounds {unknown}
 A - 2 potions of ambrosia
 B - 2 potions of berserk rage {unknown}
 G - 4 potions of mutation {unknown}
 P - 2 potions of degeneration {unknown}
 U - a potion of resistance {unknown}
Books
 b - a book of Flames

   Spells                             Type                      Level
   a - Flame Tongue                   Conjuration/Fire             1
   b - Throw Flame                    Conjuration/Fire             2
   c - Conjure Flame                  Conjuration/Fire             3
   d - Inner Flame                    Hexes/Fire                   3
   e - Sticky Flame                   Conjuration/Fire             4
   f - Fireball                       Conjuration/Fire             5
 t - a book of Enchantments

   Spells                             Type                      Level
   a - Cause Fear                     Hexes                        4
   b - Yara's Violent Unravelling     Hexes/Transmutation          5
   c - Silence                        Hexes/Air                    5
   d - Deflect Missiles               Charms/Air                   6
   e - Discord                        Hexes                        8
 Q - a book of Power

   Spells                             Type                      Level
   a - Iskenderun's Battlesphere      Conjuration/Charms           5
   b - Venom Bolt                     Conjuration/Poison           5
   c - Bolt of Magma                  Conjuration/Fire/Earth       5
   d - Iron Shot                      Conjuration/Earth            6
   e - Orb of Destruction             Conjuration                  7
   f - Spellforged Servitor           Conjuration/Summoning        7
Comestibles
 c - 6 bread rations
 x - 4 meat rations
 C - 3 royal jellies


   Skills:
 + Level 8.1 Fighting
 + Level 9.3 Dodging
 - Level 2.4 Stealth
 + Level 12.1 Spellcasting
 + Level 12.8 Conjurations
 + Level 12.0 Fire Magic


You had 11 spell levels left.
You knew the following spells:

 Your Spells              Type           Power        Failure   Level  Hunger
a - Magic Dart            Conj           ####         1%          1    None
b - Fireball              Conj/Fire      ######....   1%          5    ###....
c - Conjure Flame         Conj/Fire      ######..     1%          3    None
d - Flame Tongue          Conj/Fire      #####        1%          1    None
m - Mephitic Cloud        Conj/Pois/Air  #####...     1%          3    None
r - Throw Flame           Conj/Fire      ######       1%          2    None
s - Sticky Flame          Conj/Fire      ######..     1%          4    None
t - Iskenderun's Battles  Conj/Chrm      #####...     1%          5    ###....


Dungeon Overview and Level Annotations

Branches:
Dungeon (8/15)             Temple (1/1) D:7            Lair (6/6) D:8
  Swamp (0/4) Lair:4       Spider (0/4) Lair:4
  Slime: Lair:5-6

Altars:
Ashenzari
Dithmenos
Elyvilon
Fedhas
Gozag
Hepliaklqana
Kikubaaqudgha
Makhleb
Nemelex Xobeh
Okawaru
Qazlal
Ru
Sif Muna
Trog
Uskayaw
Vehumet
Wu Jian
Xom
Yredelemnul
Zin
The Shining One

Shops:
D:7 *

Annotations:
Lair:6 Nessos, Rupert


Message History

You struggle to resist.
A wolf comes into view.
A hornet comes into view.
The hornet buzzes angrily.
Rupert yells loudly at you.
You struggle to resist.
The water moccasin bites you.
* * * LOW HITPOINT WARNING * * *
A wolf and a black bear come into view.
The wolf howls!
Rupert yells loudly at you.
You suddenly lose the ability to move!
A wolf comes into view.
The black bear growls angrily.
The water moccasin bites you but does no damage.
The wolf bites you!
* * * LOW HITPOINT WARNING * * *
The wolf howls! x3
Nessos wields an uncursed longbow of flaming.
It bursts into flame!
Nessos shoots an arrow.
The arrow hits you!!
You die... ### #.######### ######## ##....#.#.P.### #.#P#..#### #PP

..........######..P.....## ..
#...#..#..##PP...PP.....# .
#..##.#..S##P<.....?.....
#########..###.#@.......##..P..
#..PP....c.......h..........#PP
.................@y...)..P}.#
...#...###.##...........)#...#
###..####.#..#hPPPPh..........
###.##P......h.#.hPP........
#PP..........#..#...#.###...
#P..........#...#..##
#..#.#..PP..#.......


You could see Rupert, Nessos, a hornet, a water moccasin, a black bear and 4
wolves.

Vanquished Creatures
  Gastronok (D:8)
  Fannar (Lair:2)
  4 hydras
  An elephant (Lair:5)
  4 black mambas
  8 spiny frogs
  3 rime drakes
  4 komodo dragons
  2 polar bears (Lair:3)
  5 jumping spiders (Lair:4)
  4 blink frogs (Lair:2)
  4 dream sheep (Lair:4)
  3 hippogriffs
  4 redbacks (Lair:4)
  2 hungry ghosts
  A wyvern (Lair:5)
  13 yaks
  4 basilisks
  A steam dragon (D:8)
  4 swamp worms (Lair:4)
  14 water moccasins
  A phantom (D:8)
  9 porcupines
  An ice beast (D:8)
  4 ogres
  20 wolves
  6 necrophages (Lair:4)
  3 centaurs
  5 crocodiles
  A big kobold (D:8)
  12 bullfrogs
  2 scorpions
  An electric eel (Lair:4)
  3 howler monkeys (D:7)
  6 crimson imps
  An orc priest (D:6)
  Crazy Yiuf (D:2)
  A hound (D:7)
  A centaur skeleton (D:4)
  3 jellies
  9 orc wizards
  2 bullfrog skeletons
  3 iguanas
  Ijyb (D:3)
  9 worker ants
  A hound skeleton (D:4)
  A howler monkey zombie (D:7)
  4 gnolls (D:5)
  9 adders
  A shadow imp (D:7)
  An ooze (D:5)
  3 worms
  A dart slug (D:2)
  5 leopard geckos
  18 orcs
  4 bats
  9 giant cockroaches
  3 hobgoblins
  10 jackals
  12 kobolds
  7 quokkas
  A ball python (D:3)
  5 frilled lizards
  5 goblins
  A leopard gecko zombie (D:7)
  A quokka skeleton (D:4)
  3 rats (D:3)
  A fungus (Lair:6)
298 creatures vanquished.

Vanquished Creatures (others)
  2 kobolds (D:8)
  37 fungi
  14 plants
53 creatures vanquished.

Grand Total: 351 creatures vanquished

Notes
Turn   | Place    | Note
-------+----------+-------------------------------------------
     0 | D:1      | vuev the Deep Elf Fire Elementalist began the quest for the Orb.
     0 | D:1      | Reached XP level 1. HP: 10/10 MP: 6/6
   468 | D:1      | Reached XP level 2. HP: 15/15 MP: 5/9
   473 | D:1      | Learned a level 2 spell: Throw Flame
  1361 | D:2      | Reached skill level 5 in Spellcasting
  1361 | D:2      | Reached XP level 3. HP: 19/19 MP: 7/11
  1724 | D:2      | Found a runed door.
  1804 | D:2      | Learned a level 3 spell: Conjure Flame
  1970 | D:2      | Noticed Crazy Yiuf
  1976 | D:2      | Killed Crazy Yiuf
  1976 | D:2      | Reached XP level 4. HP: 24/24 MP: 5/14
  2162 | D:2      | Learned a level 4 spell: Sticky Flame
  2606 | D:3      | Noticed Ijyb
  3332 | D:3      | Killed Ijyb
  3635 | D:3      | Reached XP level 5. HP: 28/28 MP: 14/16
  4665 | D:4      | Reached XP level 6. HP: 26/33 MP: 12/17
  4791 | D:4      | Reached skill level 1 in Fighting
  5260 | D:4      | Found a sparkling altar of Nemelex Xobeh.
  5666 | D:4      | Found a glowing silver altar of Zin.
  5667 | D:4      | Noticed an angel
  5841 | D:5      | Entered Level 5 of the Dungeon
  6171 | D:5      | Noticed a hand axe
  6171 | D:5      | Noticed a dagger
  6174 | D:5      | Found a hide-covered altar of Uskayaw.
  6227 | D:5      | Reached XP level 7. HP: 38/38 MP: 17/19
  6449 | D:5      | Learned a level 5 spell: Fireball
  6901 | D:6      | Reached skill level 5 in Conjurations
  7024 | D:6      | Reached skill level 5 in Fire Magic
  7028 | D:6      | Got a dazzling hunting sling
  7193 | D:6      | Reached XP level 8. HP: 45/45 MP: 6/22
  7294 | D:6      | Found a stormy altar of Qazlal.
  7681 | D:7      | Found a staircase to the Ecumenical Temple.
  7689 | Temple   | Entered the Ecumenical Temple
  7840 | Temple   | Became a worshipper of Vehumet
  8170 | D:7      | Found an opulent altar of Gozag.
  8172 | D:7      | Found Gozag's Platinum Reserve.
  8818 | D:8      | Noticed Gastronok
  8937 | D:7      | Reached * piety under Vehumet
  8937 | D:7      | Offered knowledge of Shock by Vehumet.
  9031 | D:7      | Noticed a hippogriff
  9048 | D:7      | Killed a hippogriff
  9101 | D:8      | Reached XP level 9. HP: 51/51 MP: 14/24
  9714 | D:8      | Killed Gastronok
  9714 | D:8      | Reached skill level 10 in Spellcasting
  9714 | D:8      | Reached XP level 10. HP: 27/58 MP: 2/26
 10043 | D:8      | Found a staircase to the Lair.
 10480 | Lair:1   | Entered Level 1 of the Lair of Beasts
 10532 | Lair:1   | Reached skill level 5 in Fighting
 10609 | Lair:1   | Noticed a black mamba
 10615 | Lair:1   | Killed a black mamba
 10660 | Lair:1   | Learned a level 5 spell: Iskenderun's Battlesphere
 10833 | Lair:1   | Noticed a spiny frog
 10842 | Lair:1   | Killed a spiny frog
 11405 | Lair:1   | Reached skill level 10 in Fire Magic
 11452 | Lair:1   | Reached skill level 5 in Dodging
 11813 | Lair:2   | Noticed a black mamba
 11817 | Lair:1   | Reached skill level 10 in Conjurations
 11860 | Lair:1   | Reached ** piety under Vehumet
 11860 | Lair:1   | Reached XP level 11. HP: 64/64 MP: 11/27
 11919 | Lair:2   | Offered knowledge of Magic Dart by Vehumet.
 12234 | Lair:2   | Noticed Fannar
 12240 | Lair:2   | Killed Fannar
 12242 | Lair:2   | Noticed a five-headed hydra
 12313 | Lair:2   | Killed a five-headed hydra
 12343 | Lair:2   | Learned a level 1 spell: Magic Dart
 12492 | Lair:2   | Noticed a seven-headed hydra
 12497 | Lair:2   | Killed a seven-headed hydra
 13681 | Lair:3   | Identified the cursed +0 broad axe of Attups {venom, Fragile rC+++ MP+9 Str+4} (You found it on level 3 of the Lair of Beasts)
 14028 | Lair:3   | Offered knowledge of Ignite Poison by Vehumet.
 14475 | Lair:4   | Reached *** piety under Vehumet
 14556 | Lair:4   | Reached XP level 12. HP: 56/72 MP: 21/29
 14923 | Lair:4   | Found a hole to the Spider Nest.
 15153 | Lair:4   | Offered knowledge of Mephitic Cloud by Vehumet.
 15165 | Lair:4   | Learned a level 3 spell: Mephitic Cloud
 15625 | Lair:4   | Found a staircase to the Swamp.
 16125 | Lair:5   | Noticed a seven-headed hydra
 16138 | Lair:5   | Killed a seven-headed hydra
 16517 | Lair:5   | Noticed a four-headed hydra
 16521 | Lair:5   | Killed a four-headed hydra
 16521 | Lair:5   | Reached **** piety under Vehumet
 17061 | Lair:6   | Entered Level 6 of the Lair of Beasts
 17133 | Lair:6   | Noticed Nessos
 17301 | Lair:5   | Offered knowledge of Throw Icicle by Vehumet.
 17806 | Lair:6   | Noticed Rupert
 17813 | Lair:6   | Paralysed by Rupert for 7 turns
 17814 | Lair:6   | Shot with an arrow by Nessos

Vault maps used:
D:1:      matt_arrival_refuge
D:2:      uniq_crazy_yiuf_cottage
D:3:      first_bread, uniq_iyjb
D:4:      zin_angel, nemelex_xobeh_ov_fountains_minmay, wad_floor_pattern_2
D:5:      dancing_weapons_uskayaw, minmay_misc_feat_x
D:6:      nicolae_qazlal_general_emergency
D:7:      nicolae_gozag_zags_fifth_avenue, minmay_temple_entry_large_hall
D:8:      lair_entry_dummy, uniq_gastronok
Temple:   eino_temple_rhombus
Lair:1:   grunt_megastairs_1, infiniplex_staircase_pool_2
Lair:2:   serial_bayou_shore_a, lemuel_fruit_tree, uniq_fannar
Lair:3:   grunt_megastairs_3
Lair:4:   nicolae_swamp_entry_splash_gauntlet,
          nicolae_spider_entry_tight_spaces, lab_entry_generic,
          roderic_carrion_pond
Lair:6:   minmay_lair_end_enchanted_forest, dpeg_slime_entry_corner,
          uniq_nessos, uniq_rupert, uniq_snorg

Skill      XL: |  1  2  3  4  5  6  7  8  9 10 11 12 |
---------------+-------------------------------------+-----
Spellcasting   | 4 5 6 7 8 9 10 11 12 | 12.1
Conjurations   | 2 4 5 6 8 10 11 12 | 12.8
Fire Magic     | 4 5 6 9 10 11 12 | 12.0
Fighting       | 1 2 3 4 5 7 8 |  8.1
Dodging        | 5 7 9 |  9.3
Stealth        | |  2.4

Action                   |  1- 3 |  4- 6 |  7- 9 | 10-12 || total
-------------------------+-------+-------+-------+-------++-------
Melee: Quarterstaff      |       |    37 |    37 |    34 ||   108
       Broad axe         |       |       |       |     1 ||     1
 Fire: Blowgun           |       |       |     7 |       ||     7
Throw: Stone             |    19 |    46 |    18 |     2 ||    85
 Cast: Flame Tongue      |    46 |    69 |    76 |    52 ||   243
       Conjure Flame     |     1 |     3 |     1 |     2 ||     7
       Throw Flame       |       |     8 |    18 |    15 ||    41
       Sticky Flame      |       |    16 |    30 |    79 ||   125
       Fireball          |       |       |    13 |    30 ||    43
       Iskenderun's Batt |       |       |       |    73 ||    73
       Magic Dart        |       |       |       |   170 ||   170
       Mephitic Cloud    |       |       |       |     4 ||     4
Evoke: Wand              |       |     1 |       |       ||     1
  Use: Scroll            |       |     3 |     7 |    10 ||    20
       Potion            |       |     1 |     1 |     3 ||     5
 Stab: Confused          |       |     1 |       |       ||     1
       Sleeping          |       |     1 |       |       ||     1
       Paralysed         |       |       |     1 |       ||     1
  Eat: Chunk             |     3 |    15 |    11 |    19 ||    48
       Fruit             |       |       |     2 |    13 ||    15
       Bread ration      |       |       |     1 |     2 ||     3
Armor: Robe              |     1 |    15 |    27 |    41 ||    84
Dodge: Dodged            |     8 |    35 |    57 |   128 ||   228
